 Dungeon Crawl Stone Soup version 0.27-a0-1559-g299f9947c5 (webtiles) character file.

Game seed: 9410915664673472792

1302 Mitsuki the Carver (level 8, -5/71 HPs)
             Began as a Minotaur Fighter on July 16, 2021.
             Killed from afar by a gargoyle (14 damage)
             ... with a stone arrow
             ... on level 5 of the Dungeon.
             The game lasted 00:12:06 (5703 turns).

Mitsuki the Carver (Minotaur Fighter)               Turns: 5703, Time: 00:12:07

Health: -5/71      AC: 12    Str: 23    XL:     8   Next: 31%
Magic:  0/16       EV:  4    Int:  5    God:
Gold:   167        SH: 16    Dex: 10    Spells: 7/7 levels left

rFire    . . .     SeeInvis .   a - +0 long sword
rCold    + . .     Faith    .   k - +0 tower shield
rNeg     . . .     Spirit   +   c - +2 chain mail {rC+}
rPois    +         Reflect  .   (helmet restricted)
rElec    .         Harm     .   (no cloak)
rCorr    .         Rampage  .   (no gloves)
Will     .....                  (no boots)
Stlth    ..........             b - amulet of guardian spirit
HPRegen  0.21/turn              g - ring of poison resistance
MPRegen  0.15/turn              j - ring of magical power

@: no status effects
A: horns 2, retaliatory headbutt
a: no special abilities


You were on level 5 of the Dungeon.
You visited 1 branch of the dungeon, and saw 5 of its levels.

You collected 167 gold pieces.

Inventory:

Hand Weapons
 a - a +0 long sword (weapon)
Missiles
 f - a throwing net (quivered)
 u - 2 curare-tipped darts
Armour
 c - a +2 chain mail of cold resistance (worn)
 k - a +0 tower shield (worn)
Jewellery
 b - an amulet of guardian spirit (around neck)
 g - a ring of poison resistance (left hand)
 j - a ring of magical power (right hand)
Scrolls
 e - a scroll of amnesia {unknown}
 h - 2 scrolls of identify {unknown}
 i - 2 scrolls of fear {unknown}
 m - 5 scrolls of magic mapping {unknown}
 n - 2 scrolls of noise {unknown}
 o - 2 scrolls of enchant weapon {unknown}
 q - a scroll of vulnerability {unknown}
 t - a scroll of enchant armour {unknown}
 v - a scroll of silence {unknown}
Potions
 d - a potion of flight
 l - 2 potions of attraction {unknown}
 p - a potion of lignification {unknown}
 r - a potion of ambrosia {unknown}
Miscellaneous
 s - a piece from Xom's chessboard (14/15)


   Skills:
 + Level 6.5 Fighting
 * Level 8.0 Long Blades
 + Level 6.5 Armour
 + Level 6.5 Shields


You had 7 spell levels left.
You didn't know any spells.
Your spell library contained the following spells:

 Spells                   Type           Power      Damage    Failure   Level
 Magic Dart               Conj           0%         1d3       100%        1
 Searing Ray              Conj           0%         3d3       100%        2
 Fulminant Prism          Conj/Hex       0%         3d6       100%        4


Dungeon Overview and Level Annotations

Branches:
Dungeon (5/15)
 Temple: D:4-7

Altars:
Elyvilon
Okawaru

Shops:
D:1 ![:?[


Innate Abilities, Weirdness & Mutations

You have a pair of horns on your head.
You reflexively headbutt those who attack you in melee.


Message History

The gargoyle is heavily damaged.
The gargoyle hurls a stone arrow at you.
You block the stone arrow.
You hit the gargoyle.
You headbutt the gargoyle, but do no damage.
The gargoyle is severely damaged.
The gargoyle hurls a stone arrow at you.
You block the stone arrow.
Your shield prevents you from hitting the gargoyle.
The gargoyle is severely damaged.
The gargoyle hurls a stone arrow at you.
The stone arrow misses you. You block the gargoyle's attack.
You hit the gargoyle but do no damage.
The gargoyle is severely damaged.
The gargoyle hurls a stone arrow at you.
You block the stone arrow.
You hit the gargoyle but do no damage.
You headbutt the gargoyle, but do no damage.
The gargoyle is severely damaged.
The gargoyle hurls a stone arrow at you.
You block the stone arrow.
The gargoyle hurls a stone arrow at you.
The stone arrow hits you.
* * * LOW HITPOINT WARNING * * *
You take 5 damage, and have 18/71 hp.
You now have 5/16 mp.
You hit the gargoyle but do no damage.
You headbutt the gargoyle, but do no damage.
The gargoyle is severely damaged.
The gargoyle hits you with a +0 dire flail!
* * * LOW MAGIC WARNING * * *;
* * * LOW HITPOINT WARNING * * *
You take 10 damage, and have 8/71 hp.
You now have 3/16 mp.
You hit the gargoyle but do no damage.
The gargoyle is heavily damaged.
You block the gargoyle's attack.
You closely miss the gargoyle.
The gargoyle is heavily damaged.
The gargoyle hurls a stone arrow at you.
The stone arrow hits you!
* * * LOW MAGIC WARNING * * *
You die...

#.# #.##.#### #.#
##)##.# #.# #.....#
#.####.############
#.................#
#..###.##########.#
#..###.# #.#
#...##.# #######.##
#.#.##.# #....9@..#
#.#.##.# #.########
..#.##.# ###..#.#
####.#.# ..##.#.#
..##.#.# ..##...#
..###..#


You could see a gargoyle.

Vanquished Creatures
  Sigmund (D:3)
  A water moccasin (D:5)
  Duvessa (D:3)
  An ice beast (D:5)
  2 ogres (D:5)
  3 scorpions
  Dowan (D:3)
  2 jellies (D:5)
  A hound (D:4)
  2 bullfrog skeletons
  Terence (D:2)
  3 iguanas
  A hound skeleton (D:5)
  Robin (D:3)
  8 gnolls
  An adder (D:3)
  6 orcs (D:5)
  8 endoplasms
  2 giant cockroaches
  17 goblins
  9 hobgoblins
  2 jackals (D:1)
  3 quokkas
  3 ball pythons
  6 bats
  5 frilled lizards (D:2)
  3 kobolds
  3 rats
  A spectral kobold (D:1)
98 creatures vanquished.

Vanquished Creatures (others)
  31 plants (D:3)
31 creatures vanquished.

Grand Total: 129 creatures vanquished

Notes
Turn   | Place    | Note
-------+----------+-------------------------------------------
     0 | D:1      | Mitsuki the Minotaur Fighter began the quest for the Orb.
     0 | D:1      | Reached XP level 1. HP: 19/19 MP: 0/0
   117 | D:1      | Found a faded altar of an unknown god.
   139 | D:1      | Found Kesy's Distillery.
   152 | D:1      | Found Wick's Book Shop.
   281 | D:1      | Found Ibrauro's Antique Armour Shop.
   321 | D:1      | Found Goxalael's Magic Scroll Shop.
   332 | D:1      | Found Risy's Antique Armour Boutique.
   437 | D:1      | Reached XP level 2. HP: 25/27 MP: 1/1
   488 | D:1      | Reached skill level 3 in Long Blades
   803 | D:1      | Reached XP level 3. HP: 27/33 MP: 2/2
  1176 | D:2      | Noticed Terence
  1254 | D:2      | HP: 1/33 [Terence (6)]
  1259 | D:2      | Killed Terence
  1260 | D:2      | Reached XP level 4. HP: 2/40 MP: 3/3
  1567 | D:2      | Reached skill level 4 in Long Blades
  2191 | D:3      | Noticed Sigmund
  2430 | D:3      | Killed Sigmund
  2431 | D:3      | Reached skill level 5 in Long Blades
  2431 | D:3      | Reached XP level 5. HP: 25/47 MP: 4/4
  2431 | D:3      | Reached XP level 6. HP: 30/55 MP: 5/5
  2431 | D:3      | Found a white marble altar of Elyvilon.
  2713 | D:3      | Reached skill level 5 in Fighting
  2713 | D:3      | Reached skill level 5 in Armour
  3034 | D:3      | Reached skill level 5 in Shields
  3501 | D:4      | Noticed Dowan
  3501 | D:4      | Noticed Duvessa
  3576 | D:4      | Noticed Robin
  3642 | D:3      | Killed Robin
  3674 | D:3      | Killed Duvessa
  3885 | D:3      | Killed Dowan
  3886 | D:3      | Reached skill level 6 in Long Blades
  3886 | D:3      | Reached XP level 7. HP: 59/61 MP: 6/6
  3947 | D:4      | Found an iron altar of Okawaru.
  4679 | D:5      | Entered Level 5 of the Dungeon
  4911 | D:5      | Reached skill level 7 in Long Blades
  5044 | D:5      | Reached XP level 8. HP: 54/70 MP: 7/7
  5598 | D:5      | Reached skill level 8 in Long Blades
  5680 | D:5      | Noticed a gargoyle
  5703 | D:5      | Killed from afar by a gargoyle

Illustrated notes

Levels and vault maps discovered:
D:1:      ncdulo_smallfort, layout_loops_cross,
          dreamdust_ecumenical_altar_drowned_temple, serial_shops, shop,
          shop_fountains, shop, shop, shop, minmay_misc_feat_nine_boxes
D:2:      layout_loops_ring, uniq_terence
D:3:      layout_loops_corners, mainiacjoe_overflow_small_starburst,
          minmay_misc_feat_rows, minmay_stone_trees_small,
          serial_bayou_lagoon_a, uniq_sigmund
D:4:      layout_basic, mainiacjoe_overflow_six_doors_small, eino_curves_04,
          uniq_robin, uniq_duvessa
D:5:      layout_basic, chequers_serial_rivers_small_3,
          hellmonk_bongcloud_opening

Skill      XL: |  1  2  3  4  5  6  7  8 |
---------------+-------------------------+-----
Long Blades    | 3 5 6 7 8 |  8.0
Fighting       | 4 5 6 |  6.5
Armour         | 4 5 6 |  6.5
Shields        | 4 5 6 |  6.5

Action                   |  1- 3 |  4- 6 |  7- 9 || total
-------------------------+-------+-------+-------++-------
Melee: Long sword        |    69 |   128 |   142 ||   339
       Headbutt          |    11 |    22 |    27 ||    60
Evoke: Piece from Xom's  |       |       |     1 ||     1
  Use: Potion            |     2 |     3 |       ||     5
Armor: Scale mail        |    31 |     2 |       ||    33
       Chain mail        |       |    50 |    53 ||   103
Dodge: Dodged            |    22 |    12 |    20 ||    54
Block: Kite shield       |    22 |       |       ||    22
       Tower shield      |    28 |   115 |   128 ||   271
       Rpst.: Long sword |     5 |     6 |     5 ||    16

Table legend: (Time is in decaauts)
 A = Elapsed time spent in this place.
 B = Non-inter-level travel time spent in this place.
 C = Inter-level travel time spent in this place.
 D = Time resting spent in this place.
 E = Time spent auto-exploring this place.
 F = Levels seen in this place.
 G = Mean time per level.
                   A        B        C        D        E       F      G
               +--------+--------+--------+--------+--------+-----+--------+
         Total |   5883 |   5654 |    229 |    922 |   3791 |   5 | 1176.6 |
       Dungeon |   5883 |   5654 |    229 |    922 |   3791 |   5 | 1176.6 |
               +--------+--------+--------+--------+--------+-----+--------+

Top non-repeatable levels by time:
     D:3: 1493 daAuts
     D:1: 1168 daAuts
     D:2: 1136 daAuts
     D:5: 1068 daAuts
     D:4: 1015 daAuts
